 Dungeon Sprint DCSS version 0.27-a0-156-gbcd94eb011 (webtiles) character file.

Game seed: 4936107329747925724

527 mhtbhm the Martial Artist (level 7, -4/54 HPs)
             Began as an Octopode Transmuter on Jan 28, 2021.
             Was a Follower of Sif Muna.
             Killed from afar by a gargoyle (19 damage)
             ... with a stone arrow
             ... in the Dungeon (Sprint IX: "|||||||||||||||||||||||||||||").
             The game lasted 00:00:54 (466 turns).

mhtbhm the Martial Artist (Octopode Transmuter)      Turns: 466, Time: 00:00:55

Health: -4/54      AC:  5    Str: 12    XL:     7   Next: 23%
Magic:  7/16       EV: 13    Int: 18    God:    Sif Muna [*.....]
Gold:   0          SH:  0    Dex: 15    Spells: 8/18 levels left

rFire    x . .     SeeInvis .     - Unarmed
rCold    + + +     Faith    .   (shield currently unavailable)
rNeg     . . .     Spirit   .   (helmet currently unavailable)
rPois    +         Reflect  .   (no amulet)
rElec    .         Harm     .   k - +3 ring of dexterity
rCorr    .         Rampage  .   l - +3 ring of intelligence
Will     .....     NoTele   +   (no ring)
Stlth    ++........             (no ring)
HPRegen  0.18/turn              (no ring)
MPRegen  0.15/turn              (no ring)
                                (no ring)
                                (no ring)

@: ice-form, wereblooded
A: large, almost no armour, stealthy swim, amphibious, 8 rings, (constrict 8)
a: End Transformation, Renounce Religion, Channel Magic


You were in the Dungeon.
You worshipped Sif Muna.
Sif Muna was aware of your devotion.
You were a creature of crystalline ice.
You visited 1 branch

Inventory:

Jewellery
 k - a +3 ring of dexterity (left front paw)
 l - a +3 ring of intelligence (right front paw)
Wands
 j - a wand of acid (10)
Scrolls
 g - 2 scrolls of blinking
 h - 3 scrolls of remove curse
 i - 2 scrolls of amnesia
Potions
 a - a potion of invisibility
 b - 5 potions of curing
 c - 3 potions of heal wounds
 d - a potion of haste
 e - 4 potions of magic
 f - a potion of berserk rage


   Skills:
 + Level 2.8 Fighting
 + Level 6.2 Dodging
 + Level 2.1 Stealth
 + Level 10.5 Unarmed Combat
 + Level 6.4 Spellcasting
 + Level 5.9 Transmutations
 + Level 0.6 Ice Magic


You had 8 spell levels left.
You knew the following spells:

 Your Spells              Type           Power        Failure   Level
a - Beastly Appendage     Tmut           54%          1%          1
b - Wereblood             Tmut           27%          1%          2
c - Spider Form           Tmut/Pois      8%           10%         3
d - Ice Form              Ice/Tmut       17%          28%         4

Your spell library contained the following spells:

 Spells                   Type           Power        Failure   Level
 Blade Hands              Tmut           13%          26%         5


Dungeon Overview and Level Annotations

Branches:
Dungeon (1/1)

Altars:
Cheibriados
Dithmenos
Elyvilon
Fedhas
Gozag
Hepliaklqana
Kikubaaqudgha
Makhleb
Nemelex Xobeh
Okawaru
Qazlal
Ru
Sif Muna
Trog
Uskayaw
Vehumet
Wu Jian
Xom
Yredelemnul
Zin
The Shining One
Beogh
Jiyva
Lugonu


Innate Abilities, Weirdness & Mutations

You cannot wear most types of armour.
You are very stealthy in the water. (Stealth+)
You are amphibious.
You can wear up to eight rings at the same time.
((You can use your tentacles to constrict eight enemies at once.))
((Your skin changes colour to match your surroundings (Stealth+).))
((Your rubbery body absorbs attacks. (AC +1, EV +1)))


Message History

You hit the gargoyle but do no damage.
The gargoyle is heavily damaged.
You howl as the wereblood boils in your veins!
The gargoyle hits you with a +0 flail!
You hit the gargoyle but do no damage.
The gargoyle is heavily damaged.
The gargoyle hits you with a +0 flail!
* * * LOW HITPOINT WARNING * * *
You hit the gargoyle but do no damage.
The gargoyle is heavily damaged.
You hit the gargoyle but do no damage.
The gargoyle is heavily damaged.
The gargoyle hits you with a +0 flail.
* * * LOW HITPOINT WARNING * * *
Unknown command.
You hit the gargoyle. You freeze the gargoyle.
The gargoyle is severely damaged.
The gargoyle hurls a stone arrow at you.
The stone arrow hits you!!
You die... ▓▓▓▓▓▓▓▓▓▓▓▓▓▓▓▓▓▓▓▓▓▓▓▓ ______'..).[[[..Y9hZ...+ ▓▓▓▓▓▓▓▓▓▓▓▓▓▓▓▓▓▓▓▓▓▓▓▓

You could see a gargoyle, an adder zombie and a jackal.

Vanquished Creatures
  2 yaks (D)
  An orc warrior (D)
  A phantom (D)
  A hound (D)
  An adder (D)
  An ufetubus (D)
  A dart slug (D)
  A hobgoblin (D)
  2 kobolds (D)
  A bat (D)
  A giant cockroach zombie (D)
13 creatures vanquished.

Notes
Turn   | Place    | Note
-------+----------+-------------------------------------------
     0 | D        | mhtbhm the Octopode Transmuter began the quest for the Orb.
     0 | D        | Reached XP level 1. HP: 13/13 MP: 3/3
    15 | D        | Reached skill level 4 in Unarmed Combat
    17 | D        | Reached XP level 2. HP: 7/18 MP: 5/5
   190 | D        | Learned a level 2 spell: Wereblood
   194 | D        | Noticed a phantom
   201 | D        | Killed a phantom
   202 | D        | Reached skill level 7 in Unarmed Combat
   202 | D        | Reached XP level 3. HP: 15/23 MP: 2/8
   202 | D        | Reached XP level 4. HP: 18/28 MP: 2/9
   207 | D        | Reached XP level 5. HP: 8/33 MP: 3/11
   273 | D        | Found a roughly hewn altar of Beogh.
   273 | D        | Found a snail-covered altar of Cheibriados.
   273 | D        | Found a shadowy altar of Dithmenos.
   273 | D        | Found a white marble altar of Elyvilon.
   273 | D        | Found a blossoming altar of Fedhas.
   273 | D        | Found an opulent altar of Gozag.
   274 | D        | Found a hazy altar of Hepliaklqana.
   275 | D        | Found a viscous altar of Jiyva.
   276 | D        | Found an ancient bone altar of Kikubaaqudgha.
   277 | D        | Found a corrupted altar of Lugonu.
   278 | D        | Found a burning altar of Makhleb.
   279 | D        | Found a sparkling altar of Nemelex Xobeh.
   280 | D        | Found an iron altar of Okawaru.
   281 | D        | Found a stormy altar of Qazlal.
   282 | D        | Found a sacrificial altar of Ru.
   283 | D        | Found a shimmering blue altar of Sif Muna.
   284 | D        | Found a bloodstained altar of Trog.
   285 | D        | Found a hide-covered altar of Uskayaw.
   286 | D        | Found a radiant altar of Vehumet.
   287 | D        | Found an ornate altar of the Wu Jian Council.
   288 | D        | Found a shimmering altar of Xom.
   289 | D        | Found a basalt altar of Yredelemnul.
   290 | D        | Found a glowing silver altar of Zin.
   291 | D        | Became a worshipper of Sif Muna the Loreminder
   292 | D        | Found a glowing golden altar of the Shining One.
   439 | D        | Learned a level 3 spell: Spider Form
   444 | D        | Learned a level 4 spell: Ice Form
   446 | D        | Noticed a yak
   446 | D        | Noticed an orc warrior
   446 | D        | Noticed a yak
   446 | D        | Noticed a gargoyle
   449 | D        | Killed a yak
   450 | D        | Reached skill level 5 in Dodging
   450 | D        | Reached skill level 1 in Stealth
   450 | D        | Reached skill level 9 in Unarmed Combat
   450 | D        | Reached skill level 5 in Spellcasting
   450 | D        | Reached skill level 5 in Transmutations
   450 | D        | Reached XP level 6. HP: 39/39 MP: 5/14
   454 | D        | Killed an orc warrior
   460 | D        | Killed a yak
   460 | D        | Reached * piety under Sif Muna
   461 | D        | Reached skill level 10 in Unarmed Combat
   461 | D        | Reached XP level 7. HP: 39/45 MP: 7/16
   466 | D        | Killed from afar by a gargoyle

Illustrated notes

Levels and vault maps discovered:
D:        linesprint [early_d, line_temple, items_1, d_10, items_2, lair_1,
          lair_end, items_3, orc_1, orc_end, items_4, d_15, swamp_1, shoals_1,
          snake_1, spider_1, d_20, vaults_1, items_5, swamp_end, shoals_end,
          snake_end, spider_end, vaults_end, d_27, items_6, zot_1, zot_end,
          crypt_end, forest_end, elf_end, slime_end, tomb_end, abyss_end,
          pan_hell_end]

Skill      XL: |  1  2  3  4  5  6 |
---------------+-------------------+-----
Unarmed Combat | 4 7 9 10 | 10.5
Dodging        | 4 5 6 |  6.2
Spellcasting   | 3 4 5 6 |  6.4
Transmutations | 3 4 5 |  5.9
Fighting       | 2 |  2.8
Stealth        | 1 2 |  2.1
Ice Magic      | |  0.6

Action                   |  1- 3 |  4- 6 |  7- 9 || total
-------------------------+-------+-------+-------++-------
Melee: Unarmed           |    15 |    19 |     6 ||    40
       Constrict         |     4 |     1 |       ||     5
       Tentacles         |     7 |     1 |       ||     8
       Kick              |     3 |     2 |       ||     5
       Punch             |       |     1 |       ||     1
 Cast: Beastly Appendage |     2 |       |       ||     2
       Wereblood         |     1 |     1 |       ||     2
       Ice Form          |       |     1 |       ||     1
 Stab: Sleeping          |     1 |       |       ||     1
Armor: Skin              |     1 |       |       ||     1
Dodge: Dodged            |     6 |     9 |       ||    15

Table legend: (Time is in decaauts)
 A = Elapsed time spent in this place.
 B = Non-inter-level travel time spent in this place.
 C = Inter-level travel time spent in this place.
 D = Time resting spent in this place.
 E = Time spent auto-exploring this place.
 F = Levels seen in this place.
 G = Mean time per level.
                   A        B        C        D        E       F      G
               +--------+--------+--------+--------+--------+-----+--------+
         Total |    460 |    460 |      0 |    345 |      0 |   1 |  460.0 |
       Dungeon |    460 |    460 |      0 |    345 |      0 |   1 |  460.0 |
               +--------+--------+--------+--------+--------+-----+--------+

Top non-repeatable levels by time:
       D: 460 daAuts
